 Dungeon Crawl Stone Soup version 0.17-b1-15-g0f5fb43 (webtiles) character file.

71 Hanyuu the Insei (level 4, -4/28 HPs)
             Began as an Octopode Transmuter on Nov 4, 2015.
             Killed from afar by Crazy Yiuf (5 damage)
             ... with a wand of flame
             ... on level 2 of the Dungeon.
             The game lasted 00:04:32 (2158 turns).

Hanyuu the Insei (Octopode Transmuter)              Turns: 2158, Time: 00:04:32

Health: -4/28      AC:  2    Str:  9    XL:     4   Next: 24%
Magic:  5/7        EV: 19    Int: 16    God:
Gold:   110        SH:  0    Dex: 17    Spells: 3 memorised, 1 level left

rFire  + . .     SeeInvis .       - Unarmed
rCold  . . .     Clarity  .     (shield currently unavailable)
rNeg   . . .     SustAt   .     (helmet currently unavailable)
rPois  x         Gourm    .     (no amulet)
rElec  .         Spirit   .     s - ring of protection from fire
rCorr  .         Warding  .     (no ring)
rMut   .         Stasis   .     (no ring)
MR     .....                    (no ring)
Stlth  ++........               (no ring)
                                (no ring)
                                (no ring)
                                (no ring)

@: spider-form (expiring), not resistant to hostile enchantments, unstealthy
A: almost no armour, amphibious, 8 rings, (constrict 8), (camouflage 0),
(gelatinous body 0)
a: End Transformation


You were on level 2 of the Dungeon.
You were not hungry.
You were a venomous arachnid creature.
You visited 1 branch of the dungeon, and saw 2 of its levels.

You collected 110 gold pieces.

Inventory:

Missiles
 a - 58 arrows
 h - 34 poisoned needles
Jewellery
 s - a ring of protection from fire (left front leg)
Wands
 o - a wand of confusion (16)
Scrolls
 d - 2 scrolls of identify {unknown}
 e - 2 scrolls of enchant weapon {unknown}
 g - 2 scrolls of noise {unknown}
 i - 2 scrolls of remove curse {unknown}
 n - a scroll of teleportation {unknown}
 r - a scroll of magic mapping {unknown}
Potions
 k - 2 potions of flight {unknown}
 m - 3 potions of invisibility {unknown}
Books
 b - a book of Changes

   Spells                             Type                      Level
   a - Beastly Appendage              Transmutation                1
   b - Sticks to Snakes               Transmutation                2
   c - Spider Form                    Transmutation/Poison         3
   d - Ice Form                       Ice/Transmutation            4
   e - Blade Hands                    Transmutation                5
Comestibles
 c - a bread ration
 f - a fruit
 j - a meat ration
 p - a slice of pizza
 q - a royal jelly


   Skills:
 + Level 1.3 Fighting
 - Level 2.0 Dodging
 + Level 4.5 Unarmed Combat
 - Level 2.0 Spellcasting
 + Level 2.2 Transmutations
 - Level 1.0 Poison Magic


You had one spell level left.
You knew the following spells:

 Your Spells              Type           Power        Failure   Level  Hunger
a - Beastly Appendage     Trmt           #.....       24%         1    #......
b - Sticks to Snakes      Trmt           #.........   32%         2    ###....
c - Spider Form           Trmt/Pois      #.........   56%         3    ###....


Dungeon Overview and Level Annotations

Branches:
Dungeon (2/15)

Altars:
Nemelex Xobeh

Annotations:
D:2 exclusion: fungus, Crazy Yiuf


Innate Abilities, Weirdness & Mutations

You cannot wear most types of armour.
You are amphibious.
You can wear up to eight rings at the same time.
((You can use your tentacles to constrict eight enemies at once.))
((Your skin changes colour to match your surroundings (Stealth).))
((Your rubbery body absorbs attacks (AC +1).))


Message History

It is a wand of flame.
Your transformation is almost over.
Crazy Yiuf says, "Pitchfork!"
Crazy Yiuf hits you with a quarterstaff of chaos.
Space warps horribly around you!
Ouch! That really hurt!
* * * LOW HITPOINT WARNING * * *
You barely miss Crazy Yiuf. Crazy Yiuf barely misses you.
You barely miss Crazy Yiuf. Crazy Yiuf barely misses you.
Unknown command.
You hit Crazy Yiuf.
Crazy Yiuf is poisoned.
Crazy Yiuf is lightly wounded.
You hit Crazy Yiuf.
Crazy Yiuf is moderately wounded.
Crazy Yiuf zaps a wand.
The puff of flame hits you! You resist.
* * * LOW HITPOINT WARNING * * *
You barely miss Crazy Yiuf.
Crazy Yiuf is moderately wounded.
Crazy Yiuf zaps a wand.
The puff of flame hits you! You resist.
You die...

#.....#..#......###......# #
###......'.†...........†.####
###....#.#..................#
#..################..........
#.## #.......... ####.#
#.......... #....###♣♣ ####
#.......### #.###..#P♣♣
♣♣#..)# #######.#..
#.##....P.♣♣♣♣.sg..# #.#..
#.##.....P.♣..♣#...# #.#..
#.##...#P.♣.♣♣♣ #### #.#..
#.....##♣♣♣♣♣ #.#.. ####..#
#.### ####..##### #########
#.... #..(......# ##.....<.#
##... #.###.....#.##......[#
#... # ####....#.##....÷..#
#...


You could see Crazy Yiuf.

Vanquished Creatures
  3 adders (D:2)
  An ooze (D:1)
  A worm (D:2)
  A giant cockroach (D:2)
  6 goblins
  2 hobgoblins (D:2)
  5 jackals (D:2)
  7 bats
  5 giant newts
  6 kobolds
  7 rats
44 creatures vanquished.

Notes
Turn   | Place    | Note
--------------------------------------------------------------
     0 | D:1      | Hanyuu the Octopode Transmuter began the quest for the Orb.
     0 | D:1      | Reached XP level 1. HP: 13/13 MP: 3/3
    79 | D:1      | Reached XP level 2. HP: 6/18 MP: 1/5
   600 | D:1      | Found a sparkling altar of Nemelex Xobeh.
   964 | D:2      | Reached skill level 4 in Unarmed Combat
   964 | D:2      | Reached XP level 3. HP: 15/23 MP: 4/6
  1138 | D:2      | Learned a level 2 spell: Sticks to Snakes
  1142 | D:2      | Learned a level 3 spell: Spider Form
  1818 | D:2      | Reached skill level 1 in Poison Magic
  1818 | D:2      | Reached XP level 4. HP: 20/28 MP: 5/7
  2150 | D:2      | Noticed Crazy Yiuf
  2157 | D:2      | HP: 1/28 [Crazy Yiuf/wand of flame (6)]
  2158 | D:2      | Killed from afar by Crazy Yiuf

Action                   |  1- 3 |  4- 6 || total
-------------------------+-------+-------++-------
Melee: Unarmed           |    83 |    19 ||   102
 Cast: Beastly Appendage |     8 |     1 ||     9
       Spider Form       |       |     1 ||     1
 Stab: Sleeping          |     3 |       ||     3
  Eat: Chunk             |     3 |     1 ||     4
